 Dungeon Crawl Stone Soup version 0.31-a0-799-g6bc09d010c (webtiles) character file.

Game seed: 14371589855482682647

97 Maratek the Trooper (level 4, -3/32 HPs)
             Began as an Octopode Fighter on Sept 19, 2023.
             Slain by a cerulean imp
             ... wielding a +2 spear
             ... summoned by Natasha
              (6 damage)
             ... on level 2 of the Dungeon.
             The game lasted 00:02:13 (1389 turns).

Maratek the Trooper (Octopode Fighter)              Turns: 1389, Time: 00:02:13

Health: -3/32      AC:  1    Str: 17    XL:     4   Next: 68%
Magic:  4/4        EV: 13    Int: 10    God:
Gold:   41         SH:  9    Dex: 11    Spells: 3/3 levels left

rFire   . . .        a - +0 flail
rCold   . . .        b - +0 buckler
rNeg    . . .        (helmet restricted)
rPois   .            h - amulet of reflection
rElec   .            (no ring)
rCorr   .            (no ring)
SInv    .            (no ring)
Will    .....        (no ring)
Stlth   +++          (no ring)
HPRegen 0.25/turn    (no ring)
MPRegen 0.09/turn    (no ring)
                     (no ring)

%: reflection
@: slowed, very slow
A: almost no armour, amphibious, 8 rings, camouflage 1, gelatinous body 1,
(nimble swimmer 1), tentacles
a: no special abilities


You were on level 2 of the Dungeon.
You visited 1 branch of the dungeon, and saw 2 of its levels.

You collected 41 gold pieces.

Inventory:

Hand Weapons
 a - a +0 flail (weapon)
Armour
 b - a +0 buckler (worn)
Jewellery
 h - an amulet of reflection (around mantle)
Scrolls
 d - 3 scrolls of identify {unknown}
 e - a scroll of teleportation {unknown}
Potions
 c - a potion of might
 f - 2 potions of curing {unknown}
 g - a potion of ambrosia {unknown}


   Skills:
 + Level 3.6 Fighting
 + Level 3.2 Maces & Flails
 + Level 3.4 Dodging
 + Level 2.0 Stealth
 + Level 3.3 Shields


You had 3 spell levels left.
You didn't know any spells.
Your spell library contained the following spells:

 Spells                   Type           Power      Damage    Failure   Level
 Kiss of Death            Conj/Necr      0%         2d5       43%         1
 Wereblood                Tmut           0%         N/A       58%         2
 Tukima's Dance           Hex            0%         N/A       82%         3
 Dispel Undead            Necr           0%         3d6       99%         4
 Irradiate                Conj/Tmut      0%         3d11      100%        5


Dungeon Overview and Level Annotations

Branches:
Dungeon (2/15)

Altars:

Annotations:
D:2 Natasha, Sigmund


Innate Abilities, Weirdness & Mutations

You cannot wear most types of armour.
You are amphibious.
You can wear up to eight rings at the same time.
Your skin changes colour to match your surroundings (Stealth+).
Your rubbery body absorbs attacks. (AC +1, EV +1)
((You are camouflaged when in or above water. (Stealth+)))
You have tentacles for arms and can constrict up to eight enemies at once.


Message History

You hit Natasha. Your grab misses Natasha.
Natasha is heavily wounded.
Natasha mumbles some strange words.
Natasha glows brightly for a moment.
Natasha claws you.
You hit Natasha. You grab Natasha.
Natasha is severely wounded.
You constrict Natasha.
You kill Natasha!
Natasha yowls pathetically as she dies!
Your Stealth skill increases to level 2!
You are too injured to fight recklessly!
Natasha, Servant of Life and Death comes into view.
Natasha casts a spell.
Natasha stares at you and mumbles some strange words.
You feel yourself slow down.
The cerulean imp hits you from afar with a +2 spear.
You sock Natasha! Your grab misses Natasha.
Natasha is severely wounded.
Natasha casts a spell at you. The magic dart hits you!
* * * LOW HITPOINT WARNING * * *
You block the cerulean imp's attack. Natasha closely misses you.
The cerulean imp completely misses you.
You are too injured to fight recklessly!
You are too injured to fight recklessly!
You are too injured to fight recklessly!
You are too injured to fight recklessly!
You closely miss Natasha. Your grab misses Natasha.
Your squeeze misses Natasha.
Natasha is severely wounded.
Natasha claws you.
* * * LOW HITPOINT WARNING * * *
You block the cerulean imp's attack. Natasha closely misses you.
You closely miss Natasha. Your grab misses Natasha.
Your tentacle-slap misses Natasha.
Your squeeze misses Natasha.
Natasha is severely wounded.
You block the cerulean imp's attack. Natasha barely misses you.
The cerulean imp hits you from afar with a +2 spear.
You die...

######### ## #...#...##
###### .# .....>...##
#.....# .# ..........#
##.[..... .###
..........# #........
...##
........5.###..?....>
##..#
.........h.##..........
##.#
<..#....#@...[...)...
#.##########.####.....?..
#...#.........# #........
###......†....# #........
###.........# #.#.....#
#.........# #.##.####
#.........# #.....##
#.........######...#
#...........###..#.#####


You could see Natasha and a cerulean imp (summoned).

Vanquished Creatures
  Natasha (D:2)
  Terence (D:2)
  An adder (D:2)
  2 dart slugs (D:1)
  4 endoplasms (D:1)
  2 giant cockroaches (D:1)
  4 goblins (D:1)
  4 hobgoblins
  2 jackals (D:1)
  3 kobolds
  A quokka (D:1)
  6 ball pythons
  3 bats (D:1)
  2 frilled lizards
36 creatures vanquished.

Notes
Turn   | Place    | Note
-------+----------+-------------------------------------------
     0 | D:1      | Maratek the Octopode Fighter began the quest for the Orb.
     0 | D:1      | Reached XP level 1. HP: 16/16 MP: 1/1
   153 | D:1      | Reached XP level 2. HP: 17/21 MP: 2/2
   326 | D:1      | Reached XP level 3. HP: 24/26 MP: 3/3
   340 | D:1      | Reached skill level 1 in Stealth
  1203 | D:2      | Noticed Terence
  1208 | D:2      | Noticed Sigmund
  1208 | D:2      | Noticed Natasha
  1237 | D:2      | Killed Terence
  1238 | D:2      | Reached XP level 4. HP: 20/31 MP: 4/4
  1320 | D:2      | Got a curious book
  1370 | D:2      | Killed Natasha
  1383 | D:2      | Noticed Natasha
  1389 | D:2      | Slain by a cerulean imp

Illustrated notes

Levels and vault maps discovered:
D:1:      amcnicky_arrival_abandoned_market, layout_basic,
          minmay_indecisive_spiral
D:2:      layout_rooms, uniq_terence, uniq_natasha, uniq_sigmund

Skill      XL: |  1  2  3  4 |
---------------+-------------+-----
Stealth        | 1 2 |  2.0
Maces & Flails | 3 |  3.2
Fighting       | |  3.6
Dodging        | |  3.4
Shields        | |  3.3

Action                     |  1- 3 |  4- 6 || total
---------------------------+-------+-------++-------
  Melee: Flail             |    65 |    12 ||    77
         Constrict         |    16 |     3 ||    19
         Tentacles         |     8 |     1 ||     9
         Punch             |     1 |       ||     1
   Stab: Sleeping          |     7 |     1 ||     8
 Armour: Skin              |    28 |     8 ||    36
  Dodge: Dodged            |    39 |     5 ||    44
  Block: Buckler           |    16 |     4 ||    20

Table legend: (Time is in decaauts)
 A = Elapsed time spent in this place.
 B = Non-inter-level travel time spent in this place.
 C = Inter-level travel time spent in this place.
 D = Time resting spent in this place.
 E = Time spent auto-exploring this place.
 F = Levels seen in this place.
 G = Mean time per level.
                   A        B        C        D        E       F      G
               +--------+--------+--------+--------+--------+-----+--------+
         Total |   1414 |   1302 |    112 |      0 |    986 |   2 |  707.0 |
       Dungeon |   1414 |   1302 |    112 |      0 |    986 |   2 |  707.0 |
               +--------+--------+--------+--------+--------+-----+--------+

Top non-repeatable levels by time:
     D:1: 1180 daAuts
     D:2: 233 daAuts
